AoeStats
← 长乐冠希

Pilgrims

509274349Analyzed
4v4 RM · 7d ago on Sep 26, 2026· 56m 37s· 8 players
Game mode
Random Map
Map size
Large (8 player)
Population
200
Speed
Normal
Resources
Standard
Victory
Conquest
Starting age
Dark Age
Ending age
Imperial Age
RankedLock teamsTeams togetherTeam positionsShared explorationLock speedFull tech treeHidden civsTurbo modeCheats
Victory
Defeat
🇯🇵 Poles · Japan
1728
+11
🇦🇷 Spanish · Argentina
1688
+13
🇻🇳 Persians · Vietnam
1628
+15
🇹🇼 Varangians · Taiwan
1597
+16
🇫🇮 Danes · Finland
1640
-15
🇲🇽 Vikings · Mexico
1619
-14
🇺🇸 Koreans · United States
1602
-13
🇭🇰 Byzantines · Hong Kong SAR China
1591
-13
SimmaHem7912
3:13 Loom
9:48 Feudal Age
10:15 Double-Bit Axe
11:33 Fishing Lines
19:45 Castle Age
20:21 Gillnets
20:42 Medium Warships
23:04 Town Watch
35:51 Scale Mail Armor
39:56 Gold Mining
42:37 Chain Mail Armor
42:33 Forging
45:23 Iron Casting
47:03 Caravan
47:28 Squires
48:01 Squires
47:58 Stone Mining
51:13 Gold Shaft Mining
51:18 Arson
54:45 Imperial Age
54:23 Fletching
55:57 Plate Mail Armor
55:25 Bodkin Arrow
55:31 Padded Archer Armor
54:59 Crossbowman
57:07 Conscription
Kaarlos
11:01 Feudal Age
9:22 Loom
11:29 Feudal Age
12:43 Fishing Lines
15:19 Castle Age
13:41 Fletching
16:07 Bodkin Arrow
16:00 Double-Bit Axe
18:17 Gillnets
19:48 Bow Saw
24:10 Guard Tower
25:28 Masonry
27:12 Murder Holes
32:51 Ballistics
34:54 Wheelbarrow
34:06 Town Watch
35:23 Clinker Construction
36:53 Caravan
37:34 Medium Warships
41:34 Hand Cart
46:14 Imperial Age
43:28 Horse Collar
46:00 Squires
45:46 Arson
45:49 Gambesons
46:58 Scale Mail Armor
47:08 Forging
46:59 Bracer
48:09 Chain Mail Armor
49:04 Elite Varangian Guard
51:26 Plate Mail Armor
51:32 Iron Casting
54:16 Medium Warships
嗚
7:07 Loom
12:55 Feudal Age
13:25 Double-Bit Axe
13:45 Fishing Lines
14:19 Gold Mining
18:38 Castle Age
17:21 Fletching
19:29 Bow Saw
19:56 Gold Shaft Mining
19:12 Stone Mining
20:26 Wheelbarrow
19:50 Gillnets
21:17 Medium Warships
24:05 Imperial Age
22:18 Bodkin Arrow
23:03 Stone Shaft Mining
23:09 Ballistics
24:23 Clinker Construction
24:25 Careening
25:48 Two-Man Saw
25:55 Heavy Warships
26:18 Carvel Hull
26:59 Dry Dock
28:49 Bracer
28:54 Arrowslits
30:06 Conscription
30:46 Eupseong
30:54 Elite War Wagon
34:04 Chemistry
34:34 Treadmill Crane
35:35 Masonry
39:59 Thumb Ring
41:50 Architecture
44:41 Caravan
44:52 Guilds
49:25 Husbandry
长乐冠希
11:21 Feudal Age
12:37 Loom
15:17 Castle Age
13:59 Double-Bit Axe
13:59 Fishing Lines
15:37 Gold Mining
16:25 Medium Warships
16:11 Gillnets
16:58 Bow Saw
17:31 Horse Collar
19:10 Wheelbarrow
22:13 Hand Cart
24:03 Scale Barding Armor
28:45 Imperial Age
26:51 Forging
27:29 Fletching
28:18 Bodkin Arrow
28:57 Ballistics
28:58 Padded Archer Armor
28:25 Crossbowman
29:36 Bracer
30:52 Chemistry
29:44 Arbalester
33:22 Thumb Ring
34:01 Conscription
36:02 Pikeman
36:51 Murder Holes
36:41 Treadmill Crane
38:03 Two-Man Saw
37:40 Gold Shaft Mining
36:55 Stone Mining
36:46 Halberdier
37:27 Squires
38:04 Iron Casting
38:09 Scale Mail Armor
39:06 Chain Mail Armor
39:12 Chain Barding Armor
40:50 Plate Mail Armor
43:24 Capped Ram
45:36 Plate Barding Armor
45:17 Leather Archer Armor
44:23 Cavalier
44:23 Heavy Camel Rider
45:04 Husbandry
44:29 Heavy Camel Rider
45:12 Husbandry
44:32 Light Cavalry
46:41 Stone Shaft Mining
46:27 Bombard Tower
46:11 Heavy Plow
45:52 Elite Skirmisher
47:43 Guilds
48:04 Coinage
51:44 Ring Archer Armor
52:28 Banking
53:42 Hussar
hK | Islamey
11:17 Feudal Age
11:41 Loom
15:31 Castle Age
14:28 Double-Bit Axe
15:27 Stone Mining
15:54 Demolition Ship
18:15 Bow Saw
20:23 Husbandry
27:13 Town Watch
34:08 Wheelbarrow
34:17 Padded Archer Armor
34:30 Bloodlines
34:58 Gold Mining
35:44 Stone Shaft Mining
35:52 Leather Archer Armor
40:31 Imperial Age
39:01 Horse Collar
39:50 Forging
40:25 Fletching
41:17 Coinage
41:23 Heavy Plow
41:44 Hand Cart
42:07 Ring Archer Armor
42:50 Bodkin Arrow
43:39 Bracer
43:47 Scale Barding Armor
43:26 Elite Conquistador
44:39 Conscription
47:24 Supremacy
48:58 Cavalier
49:59 Chain Barding Armor
50:15 Iron Casting
49:59 Capped Ram
50:08 Paladin
51:04 Light Cavalry
52:45 Blast Furnace
52:22 Plate Barding Armor
51:43 Hussar
56:20 Inquisition
56:22 Scale Mail Armor
好奇小牛
2:47 Loom
11:54 Feudal Age
15:28 Castle Age
13:55 Double-Bit Axe
16:04 Fishing Lines
18:33 Medium Warships
18:44 Gillnets
23:14 Wheelbarrow
24:20 Horse Collar
29:19 Imperial Age
28:42 Scale Barding Armor
28:48 Forging
28:49 Gold Mining
28:58 Town Watch
30:28 Conscription
33:01 Forging
32:51 Stone Mining
34:10 Chain Barding Armor
35:08 Hand Cart
36:41 Iron Casting
37:06 Elite Jarl
38:08 Heavy Plow
39:17 Bow Saw
39:36 Husbandry
39:46 Bloodlines
39:37 Gothikon
43:02 Blast Furnace
42:39 Plate Barding Armor
43:13 Fletching
48:49 Siege Engineers
49:44 Chemistry
50:33 Masonry
52:23 Caravan
happy gay
6:29 Loom
9:43 Feudal Age
13:16 Castle Age
11:46 Double-Bit Axe
14:14 Town Watch
15:24 Horse Collar
20:47 Wheelbarrow
26:44 Heavy Plow
27:58 Bow Saw
31:29 Imperial Age
29:08 Scale Barding Armor
29:13 Forging
29:00 Gold Mining
30:06 Szlachta Privileges
30:30 Bloodlines
30:21 Husbandry
32:27 Chain Barding Armor
32:51 Conscription
33:38 Crop Rotation
32:30 Cavalier
33:50 Forging
36:31 Iron Casting
37:36 Capped Ram
38:02 Capped Ram
57:12 Blast Furnace
Đà Lạt
14:01 Feudal Age
14:20 Man-at-Arms
17:54 Castle Age
16:16 Scale Barding Armor
16:22 Forging
16:57 Bloodlines
17:22 Double-Bit Axe
32:12 Loom
47:53 Medium Warships
Connection lost

Rejoining the realm…

Still unreachable

The connection could not be restored.

Session expired

The server has moved on; the page needs a fresh start.